Map: Data-C

Players

Harstem - Winner!

  • Race: Protoss Protoss
  • League: Master
  • Spawn Location: 9:00

NightMare

  • Race: Protoss Protoss
  • Spawn Location: 3:00

Event: HomeStory Cup XXII

VOD

Have the link to the VOD?

Description

Time

  • Played on: Dec. 15, 2022, 3:49 p.m.
  • Length: 27:39

All games in this series

Show
View Real Time Build Order
Export as new Build Order

Harstem Protoss - Winner!

Build Orders:  

Get SALT Encoding   

  12  0:00  Probe  
  13  0:12  Probe  
  14  0:17  Pylon  
  14  0:24  Probe (Chrono Boost)  
  15  0:36  Gateway, Probe (Chrono Boost)  
  16  0:44  Probe (Chrono Boost)  
  16  0:46  Assimilator  
  17  0:51  Probe  
  17  0:56  Assimilator  
  18  1:03  Probe (Chrono Boost)  
  19  1:08  Gateway  
  20  1:12  Probe (Chrono Boost)  
  20  1:17  Probe (Chrono Boost)  
  20  1:24  Cybernetics Core  
  21  1:29  Probe  
  22  1:35  Pylon  
  22  1:41  Probe  
  23  1:53  Probe  
  24  2:01  Warp Gate  
  24  2:05  Probe  
  29  2:14  Nexus  
  25  2:21  Stalker  
  27  2:29  Stalker  
  29  2:36  Pylon  
  25  2:51  Stalker (Chrono Boost)  
  32  3:01  Gateway  
  33  3:07  Probe  
  33  3:09  Stalker (Chrono Boost)  
  34  3:14  Shield Battery  
  34  3:18  Stalker (Chrono Boost)  
  36  3:22  Probe  
  37  3:27  Probe  
  37  3:34  Probe  
  39  3:39  Probe  
  41  3:52  Stalker  
  41  3:53  Stalker  
  44  3:56  Stalker  
  44  3:57  Probe x2  
  48  4:14  Stalker  
  48  4:15  Stalker  
  52  4:19  Stalker  
  54  4:27  Probe  
  54  4:28  Pylon  
  54  4:29  Twilight Council  
  53  4:45  Pylon  
  54  4:47  Adept x3  
  59  4:57  Probe (Chrono Boost)  
  59  4:59  Probe (Chrono Boost)  
  57  5:08  Stalker x2  
  57  5:09  Probe (Chrono Boost), Stalker  
  57  5:12  Blink (Chrono Boost)  
  57  5:13  Probe (Chrono Boost)  
  65  5:24  Robotics Facility  
  63  5:31  Probe  
  63  5:34  Adept x2  
  62  5:36  Adept, Probe  
  65  5:43  Pylon  
  65  5:44  Assimilator  
  65  5:47  Probe  
  66  5:50  Probe  
  66  5:55  Stalker  
  69  6:03  Stalker x2  
  71  6:04  Probe  
  73  6:14  Observer  
  73  6:16  Probe  
  74  6:19  Pylon  
  74  6:22  Nexus  
  74  6:24  Stalker  
  76  6:29  Stalker  
  78  6:34  Pylon  
  78  6:39  Observer  
  79  6:40  Stalker  
  79  6:41  Probe x2  
  83  6:48  Stalker  
  83  6:53  Gateway  
  85  6:54  Probe  
  85  6:57  Stalker  
  85  6:58  Probe  
  89  7:03  Pylon  
  89  7:04  Stalker  
  91  7:12  Stalker  
  91  7:14  Probe  
  76  7:30  Stalker x2  
  76  7:34  Probe  
  76  7:35  Stalker  
  76  7:36  Probe  
  76  7:38  Charge (Chrono Boost), Forge  
  76  7:40  Probe  
  77  7:47  Probe  
  77  7:48  Probe  
  77  7:49  Stalker  
  77  7:50  Observer  
  81  7:52  Probe  
  81  7:53  Gateway  
  81  7:55  Stalker  
  84  8:00  Protoss Ground Weapons Level 1 (Chrono Boost)  
  84  8:05  Stalker x2  
  87  8:17  Stalker  
  87  8:18  Nexus, Probe  
  87  8:19  Probe  
  91  8:21  Pylon  
  91  8:24  Probe  
  92  8:28  Stalker  
  92  8:31  Stalker  
  97  8:34  Probe  
  97  8:35  Probe  
  97  8:37  Probe  
  98  8:46  Probe  
  99  8:52  Stalker x3  
  99  8:54  Probe  
  99  8:55  Stalker  
  108  8:56  Probe  
  108  8:59  Gateway, Probe  
  108  9:02  Gateway  
  110  9:04  Gateway  
  110  9:12  Gateway  
  110  9:13  Probe  
  111  9:17  Probe  
  111  9:18  Probe  
  111  9:20  Shield Battery  
  111  9:22  Photon Cannon  
  113  9:26  Stalker  
  113  9:27  Stalker  
  113  9:29  Stalker  
  117  9:32  Observer  
  117  9:33  Probe  
  117  9:34  Probe  
  117  9:36  Warp Prism (Chrono Boost)  
  119  9:43  Shield Battery  
  119  9:45  Stalker  
  123  9:50  Assimilator  
  123  9:54  Pylon  
  123  9:55  Stalker x3  
  125  10:00  Stalker x2  
  125  10:05  Observer  
  126  10:09  Stalker  
  126  10:10  Nexus  
  128  10:16  Pylon  
  128  10:18  Zealot, Sentry  
  128  10:19  Zealot x2  
  136  10:23  Probe  
  136  10:25  Shield Battery  
  136  10:27  Pylon  
  136  10:36  Zealot x4, Gateway, Protoss Ground Weapons Level 2 (Chrono Boost)  
  136  10:38  Gateway  
  136  10:41  Shield Battery  
  144  10:42  Zealot x2  
  144  10:46  Pylon  
  148  10:51  Pylon  
  148  10:54  Robotics Bay  
  147  11:04  Zealot x4  
  153  11:05  Zealot x2  
  159  11:14  Pylon  
  159  11:16  Photon Cannon  
  157  11:20  Stalker x2, Pylon  
  155  11:25  Zealot x2  
  155  11:26  Zealot x2  
  163  11:33  Observer  
  163  11:40  Disruptor (Chrono Boost)  
  163  11:42  Shield Battery  
  163  11:44  Probe  
  163  11:45  Dark Shrine, Photon Cannon  
  163  11:47  Stalker x3  
  163  11:48  Zealot  
  163  11:53  Probe (Chrono Boost)  
  172  11:58  Probe (Chrono Boost)  
  174  12:04  Probe x3 (Chrono Boost)  
  174  12:05  Probe (Chrono Boost)  
  174  12:08  Probe (Chrono Boost)  
  174  12:09  Stalker x4  
  174  12:10  Zealot  
  174  12:11  Probe (Chrono Boost)  
  177  12:21  Zealot  
  177  12:22  Disruptor (Chrono Boost), Zealot x3  
  180  12:26  Zealot  
  167  12:37  Zealot x5  
  159  12:39  Probe  
  159  12:40  Probe  
  159  12:42  Photon Cannon  
  163  12:44  Photon Cannon  
  163  12:46  Zealot x3, Pylon  
  163  12:51  Disruptor (Chrono Boost)  
  169  12:52  Photon Cannon  
  171  13:01  Stalker  
  171  13:02  Stalker x2  
  171  13:03  Dark Templar  
  171  13:04  Zealot x2  
  183  13:08  Probe  
  183  13:11  Probe  
  181  13:20  Photon Cannon  
  181  13:23  Dark Templar  
  183  13:30  Dark Templar, Pylon  
  183  13:31  Zealot x5  
  183  13:33  Nexus  
  195  13:38  Dark Templar  
  195  13:41  Zealot  
  187  13:59  Disruptor (Chrono Boost)  
  187  14:02  Observer, Probe  
  185  14:03  Probe  
  185  14:09  Zealot x4, Stalker x3  
  200  14:16  Protoss Ground Weapons Level 3 (Chrono Boost)  
  198  14:18  Photon Cannon  
  198  14:21  Photon Cannon  
  198  14:43  Nexus  
  198  14:44  Pylon  
  190  14:46  Disruptor, Assimilator x2  
  190  14:48  Probe  
  190  14:51  Forge  
  188  14:52  Stalker x2  
  188  14:53  Zealot x2, Stalker x2  
  176  15:13  Stalker x4  
  171  15:15  Probe x4  
  171  15:20  Photon Cannon  
  162  15:21  Zealot x6  
  162  15:22  Photon Cannon  
  162  15:24  Assimilator  
  162  15:26  Assimilator  
  168  15:31  Disruptor (Chrono Boost), Probe  
  172  15:38  Zealot x3  
  172  15:39  Zealot  
  177  15:55  Zealot x3  
  177  15:56  Zealot x3  
  151  16:08  Stalker x4  
  138  16:24  Zealot x6  
  146  16:28  Nexus  
  146  16:29  Disruptor (Chrono Boost), Pylon  
  149  16:33  Probe  
  149  16:37  Zealot x4, Protoss Ground Armor Level 1 (Chrono Boost)  
  156  16:40  Nexus  
  156  16:41  Pylon  
  156  16:47  Probe (Chrono Boost)  
  156  16:49  Probe (Chrono Boost)  
  156  16:50  Probe (Chrono Boost)  
  156  16:51  Probe x2 (Chrono Boost)  
  156  16:53  Photon Cannon  
  161  16:58  Probe (Chrono Boost)  
  161  17:00  Stalker  
  161  17:01  Zealot x8, Stalker  
  166  17:07  Photon Cannon  
  182  17:10  Observer  
  173  17:23  Zealot x8, Stalker  
  173  17:25  Assimilator  
  173  17:28  Zealot  
  191  17:35  Photon Cannon  
  183  17:38  Shadow Stride (Chrono Boost)  
  183  17:39  Photon Cannon  
  180  17:45  Assimilator  
  180  17:46  Photon Cannon, Probe x2 (Chrono Boost)  
  180  17:50  Photon Cannon  
  180  17:51  Probe x2 (Chrono Boost)  
  186  17:52  Probe x2 (Chrono Boost), Photon Cannon  
  186  17:58  Zealot x7  
  200  18:02  Dark Templar  
  200  18:10  Pylon  
  200  18:11  Protoss Shields Level 1  
  200  18:23  Observer (Chrono Boost)  
  199  18:33  Gravitic Boosters  
  199  18:35  Assimilator  
  199  18:38  Assimilator  
  199  18:47  Photon Cannon  
  197  18:48  Assimilator  
  197  18:52  Shield Battery, Photon Cannon x2  
  197  18:55  Shield Battery, Photon Cannon  
  194  18:57  Zealot x4, Assimilator  
  199  19:07  Disruptor (Chrono Boost)  
  199  19:08  Zealot x6  
  131  19:20  Stalker x4  
  131  19:23  Probe  
  120  19:28  Stalker  
  120  19:29  Stalker x5  
  132  19:32  Probe  
  132  19:33  Robotics Facility  
  132  19:35  Disruptor (Chrono Boost)  
  132  19:37  Probe  
  130  19:39  Probe x4  
  130  19:44  Probe  
  127  19:46  Nexus  
  127  19:49  Probe  
  127  19:51  Probe  
  124  19:56  Zealot  
  124  19:57  Zealot, Probe  
  124  19:58  Zealot, Dark Templar  
  133  20:01  Disruptor (Chrono Boost)  
  133  20:07  Probe x2  
  132  20:14  Stalker x2  
  128  20:24  Disruptor (Chrono Boost)  
  128  20:26  Disruptor  
  128  20:27  Dark Templar  
  128  20:28  Zealot x2  
  128  20:37  Stalker x3  
  116  20:55  Stalker x4  
  124  21:00  Disruptor (Chrono Boost)  
  125  21:24  Stalker x7  
  128  21:30  Probe x6  
  122  21:47  Zealot x6  
  130  21:59  Zealot x4  
  137  22:23  Stalker x2  
  137  22:28  Disruptor (Chrono Boost), Dark Templar  
  137  22:29  Zealot x3  
  145  22:48  Observer  
  140  23:00  Nexus  
  140  23:02  Disruptor  
  139  23:06  Stalker x5  
  139  23:10  Observer  
  148  23:13  Stalker x2  
  149  23:21  Stalker x2  
  139  23:41  Stalker  
  139  23:42  Zealot, Stalker x2  
  135  24:00  Zealot x2  
  135  24:09  Stalker  
  128  24:10  Stalker x2  
  106  24:22  Probe  
  90  24:31  Zealot x2, Dark Templar  
  90  24:32  Zealot  
  82  24:47  Stalker x2  
  82  24:50  Probe (Chrono Boost)  
  84  24:55  Probe x2 (Chrono Boost)  
  84  24:59  Probe (Chrono Boost)  
  86  25:01  Probe (Chrono Boost)  
  86  25:02  Disruptor (Chrono Boost)  
  86  25:03  Probe (Chrono Boost)  
  88  25:21  Probe  
  88  25:23  Stalker x3  
  88  25:26  Dark Templar  
  91  25:45  Probe  
  91  25:46  Probe x3  
  93  25:57  Zealot, Probe  
  93  25:58  Probe  
  93  26:02  Stalker x3  
  102  26:13  Stalker x2  
  102  26:16  Dark Templar  
  108  26:24  Zealot x2  
  108  26:25  Zealot  
  108  26:41  Stalker x4  
  116  26:49  Stalker  
  116  26:59  Stalker x2  
Show
View Real Time Build Order
Export as new Build Order

NightMare Protoss 

Build Orders: 1 Gate Expand 

Get SALT Encoding   

  12  0:00  Probe  
  13  0:12  Probe  
  14  0:17  Pylon  
  14  0:24  Probe (Chrono Boost)  
  15  0:36  Probe (Chrono Boost)  
  15  0:38  Gateway  
  16  0:44  Probe (Chrono Boost)  
  16  0:49  Assimilator  
  17  0:50  Probe  
  18  1:03  Probe  
  19  1:15  Probe  
  20  1:25  Nexus  
  21  1:32  Probe  
  21  1:40  Cybernetics Core  
  21  1:45  Probe  
  22  1:48  Pylon  
  22  1:57  Probe  
  22  1:59  Assimilator  
  23  2:09  Probe  
  24  2:17  Sentry (Chrono Boost)  
  26  2:23  Gateway, Probe  
  26  2:27  Shield Battery, Warp Gate (Chrono Boost)  
  27  2:35  Probe  
  27  2:36  Stalker (Chrono Boost)  
  28  2:41  Probe  
  31  2:47  Probe  
  32  2:53  Probe  
  32  2:59  Probe  
  32  3:03  Stalker (Chrono Boost)  
  32  3:05  Probe  
  36  3:11  Probe  
  37  3:15  Shield Battery  
  37  3:17  Probe, Stalker  
  40  3:24  Pylon  
  40  3:28  Sentry  
  40  3:33  Gateway  
  42  3:38  Twilight Council  
  42  3:40  Probe  
  43  3:41  Probe  
  44  3:52  Probe  
  45  3:56  Pylon  
  45  4:02  Gateway  
  45  4:04  Probe x2  
  45  4:05  Robotics Facility  
  45  4:08  Stalker  
  45  4:09  Stalker  
  51  4:16  Probe  
  51  4:17  Probe  
  53  4:22  Shield Battery  
  53  4:28  Probe  
  54  4:31  Shield Battery  
  54  4:32  Stalker x2  
  56  4:40  Shield Battery  
  56  4:46  Cybernetics Core  
  56  4:52  Immortal (Chrono Boost)  
  56  4:53  Pylon  
  56  4:58  Probe x2  
  58  5:03  Assimilator  
  58  5:04  Pylon  
  58  5:06  Adept  
  60  5:21  Probe x2  
  58  5:23  Stalker  
  58  5:27  Immortal (Chrono Boost), Stalker  
  56  5:34  Probe x2  
  62  5:43  Gateway  
  62  5:52  Stalker x2  
  62  5:55  Warp Prism (Chrono Boost)  
  66  6:00  Blink (Chrono Boost)  
  68  6:06  Probe  
  68  6:09  Gateway  
  69  6:15  Stalker, Pylon  
  69  6:17  Stalker  
  73  6:25  Probe x2, Pylon  
  75  6:27  Observer  
  76  6:37  Pylon  
  76  6:39  Stalker  
  78  6:40  Stalker  
  80  6:51  Immortal  
  84  7:07  Adept x3  
  90  7:10  Nexus  
  90  7:13  Shield Battery  
  90  7:15  Probe x2  
  91  7:22  Shield Battery  
  81  7:30  Observer (Chrono Boost), Stalker x3  
  82  7:47  Immortal (Chrono Boost)  
  82  7:48  Probe x2  
  88  7:54  Stalker x2  
  92  8:00  Probe x2  
  94  8:07  Gateway  
  94  8:08  Gateway  
  94  8:16  Probe x2  
  94  8:18  Immortal (Chrono Boost)  
  100  8:22  Pylon  
  100  8:24  Pylon  
  100  8:28  Probe  
  100  8:29  Probe x2  
  103  8:40  Probe  
  103  8:41  Probe x2  
  106  8:44  Stalker x3  
  110  8:51  Gateway  
  110  8:53  Gateway  
  110  8:56  Assimilator  
  110  9:00  Assimilator  
  110  9:01  Probe  
  110  9:02  Charge (Chrono Boost), Probe  
  112  9:04  Pylon  
  112  9:06  Gateway  
  112  9:18  Sentry  
  112  9:19  Zealot x4  
  122  9:28  Probe  
  123  9:38  Warp Prism (Chrono Boost), Gateway  
  123  9:39  Templar Archives  
  123  9:42  Pylon  
  125  9:46  Nexus  
  125  9:49  Pylon  
  125  9:56  Zealot x4, Observer  
  129  10:03  Zealot x3  
  135  10:08  Zealot  
  131  10:24  High Templar x2  
  131  10:25  High Templar x2  
  131  10:27  High Templar x4  
  131  10:28  Zealot, High Templar x2  
  143  10:29  Zealot  
  143  10:30  Probe x2  
  143  10:31  Probe  
  143  10:32  Pylon  
  143  10:33  Pylon x2  
  143  10:34  Archon  
  143  10:35  Archon  
  150  10:37  Observer  
  150  10:40  Archon  
  150  10:43  Probe x3  
  150  10:44  Robotics Bay  
  150  10:48  Forge  
  153  10:55  Probe  
  154  10:59  High Templar  
  154  11:00  Zealot x6, High Templar  
  154  11:02  Zealot  
  154  11:04  Archon  
  172  11:09  Pylon  
  172  11:12  Probe x4  
  176  11:24  Zealot x6  
  183  11:29  Zealot  
  185  11:34  Protoss Ground Weapons Level 1 (Chrono Boost)  
  185  11:37  Zealot x2  
  189  11:45  High Templar x4  
  189  11:46  Zealot x2  
  199  11:50  Photon Cannon  
  199  11:51  Photon Cannon  
  199  11:52  Archon x2  
  199  11:58  Robotics Facility  
  199  11:59  Assimilator  
  199  12:06  Zealot x4  
  199  12:12  Assimilator  
  199  12:13  Assimilator  
  187  12:16  Pylon  
  187  12:17  Zealot x2  
  187  12:18  Zealot x3  
  185  12:26  Disruptor (Chrono Boost)  
  185  12:28  Zealot x3  
  185  12:29  Zealot  
  146  12:41  Gravitic Boosters (Chrono Boost)  
  146  12:45  Zealot x2  
  146  12:49  Shield Battery  
  146  12:50  Shield Battery  
  150  12:52  Shield Battery  
  150  12:56  Immortal (Chrono Boost)  
  155  12:59  Observer (Chrono Boost)  
  155  13:04  Stalker x6  
  161  13:15  Photon Cannon  
  161  13:16  Photon Cannon x2  
  161  13:17  Shield Battery  
  161  13:18  Observer (Chrono Boost)  
  161  13:19  Disruptor (Chrono Boost)  
  159  13:33  Zealot  
  161  13:36  Stalker x5  
  166  13:41  Zealot  
  166  13:45  Zealot  
  162  13:53  Stalker x2  
  160  13:58  Disruptor x2 (Chrono Boost)  
  160  13:59  Protoss Ground Weapons Level 2 (Chrono Boost)  
  159  14:03  Observer  
  159  14:15  Photon Cannon, Probe x2  
  159  14:16  Probe  
  160  14:24  Photon Cannon  
  160  14:25  Disruptor (Chrono Boost)  
  160  14:26  Disruptor (Chrono Boost)  
  166  14:33  Zealot x4  
  163  14:50  Nexus  
  163  14:51  Disruptor (Chrono Boost)  
  159  14:55  Observer  
  165  15:00  Disruptor (Chrono Boost)  
  156  15:12  Zealot x7  
  163  15:31  Observer x2 (Chrono Boost)  
  163  15:35  High Templar x4  
  169  15:36  High Templar x2  
  170  15:54  Zealot x3  
  170  15:55  Archon x3  
  150  15:57  Disruptor (Chrono Boost)  
  135  16:08  Disruptor (Chrono Boost)  
  96  16:19  Stalker x5  
  98  16:27  Stalker x3  
  97  16:33  Colossus (Chrono Boost)  
  97  16:36  Disruptor (Chrono Boost)  
  97  16:38  Stalker  
  108  16:51  Zealot  
  110  16:57  Zealot x6  
  122  17:05  Disruptor (Chrono Boost)  
  120  17:26  Stalker x5  
  120  17:27  Disruptor (Chrono Boost)  
  130  17:33  Disruptor (Chrono Boost)  
  130  17:36  Stalker x3  
  126  17:44  Zealot  
  125  17:53  Disruptor (Chrono Boost)  
  122  18:03  Disruptor (Chrono Boost)  
  125  18:07  High Templar x2  
  125  18:08  Zealot x7, Observer  
  141  18:14  Archon  
  141  18:21  Disruptor, Observer  
  144  18:29  Observer  
  144  18:34  Stalker x3  
  144  18:40  Stalker x5  
  155  18:56  Stalker  
  155  19:01  Observer  
  157  19:09  Stalker x6  
  145  19:17  Stalker x2  
  149  19:26  Observer x2  
  147  19:34  Zealot x4  
  153  19:45  Stalker x2  
  153  19:46  Stalker  
  157  20:09  Zealot, High Templar x4  
  157  20:10  Zealot  
  165  20:14  Archon  
  165  20:15  Archon  
  129  20:44  Pylon  
  129  20:47  Nexus  
  129  20:53  Pylon  
  129  20:54  Zealot x2  
  133  21:00  High Templar  
  133  21:01  High Templar x3  
  141  21:04  Archon  
  131  21:20  Observer  
  131  21:22  Zealot x5  
  130  21:34  Stalker x2  
  126  22:14  Stalker x5  
  134  22:20  Shield Battery  
  134  22:39  Stalker x3  
  138  23:15  Disruptor x2 (Chrono Boost)  
  144  23:33  Stalker x9  
  115  24:11  Disruptor x2  
  115  24:12  Observer  
  91  24:18  Stalker x2  
  91  24:19  Stalker x2  
  87  24:25  Zealot  
  79  24:34  Observer  
  74  24:41  Stalker x2  
  70  24:49  Stalker  
  72  25:03  Zealot x2, Observer  
  70  25:11  High Templar x3  
  70  25:12  High Templar  
  75  25:15  Archon x2  
  75  25:18  Observer  
  66  25:39  Stalker x2  
  65  25:44  Observer  
  64  26:08  Dark Shrine  
  54  26:34  Stalker x2  
Tags
 
League
Master
Matchup
PvP
Replay Pack
hsc22
Spawn Locations
Cross Positions
Add a new tag
Caveats
  • Supply blocks, unpowered buildings, or Contaminate may cause inaccurate times.
  • Supply counts are checked every 10 seconds.